 Dungeon Crawl Stone Soup version 0.21.1-1-g345015fe64 (webtiles) character file.

2900 Evaline the Magician (level 9, -1/62 HPs)
             Began as a White Draconian Air Elementalist on June 6, 2018.
             Was a Believer of Sif Muna.
             Slain by rbetra's ghost (14 damage)
             ... on level 9 of the Dungeon on June 7, 2018.
             The game lasted 02:32:12 (9259 turns).

Evaline the Magician (DrAE)                         Turns: 9259, Time: 02:32:19

Health: -1/62      AC: 10    Str: 11    XL:     9   Next: 49%
Magic:  20/20      EV: 13    Int: 19    God:    Sif Muna [**....]
Gold:   255        SH:  0    Dex: 11    Spells: 4/23 levels left

rFire    . . .     SeeInvis .   J - +2 mace (holy)
rCold    + + .     Gourm    .   (no shield)
rNeg     . . .     Faith    .   (armour unavailable)
rPois    .         Spirit   .   (helmet restricted)
rElec    .         Reflect  .   (no cloak)
rCorr    .         Harm     .   y - +0 pair of gloves
MR       .....                  d - +1 pair of boots
Stlth    ++........             (no amulet)
HPRegen  0.20/turn              n - ring of flight
MPRegen  0.17/turn              C - ring of protection from cold

@: no status effects
A: breathe frost, unfitting armour, cold resistance 1, cold-blooded, AC +7
a: Breathe Frost, Divine Energy, Renounce Religion, Evoke Flight


You were on level 9 of the Dungeon.
You worshipped Sif Muna.
Sif Muna was pleased with you.
You were not hungry.

You visited 2 branches of the dungeon, and saw 11 of its levels.

You collected 255 gold pieces.

Inventory:

Hand Weapons
 z - a +0 falchion
 E - a +0 spear
 H - a +0 hunting sling
 J - a +2 mace of holy wrath (weapon)
 P - a +0 shortbow
Missiles
 j - 211 stones (quivered)
 l - 100 arrows
 u - 63 sling bullets
 w - 8 curare-tipped needles
 A - 7 tomahawks
 D - a throwing net
 G - 34 bolts
 K - 16 poisoned needles
Armour
 d - a +1 pair of boots (worn)
 s - a +2 shield
 y - a +0 pair of gloves (worn)
Jewellery
 n - a ring of flight (left hand)
 C - a ring of protection from cold (right hand)
 L - an uncursed ring of flight
Wands
 r - a wand of polymorph (15)
Scrolls
 c - a scroll of fear
 e - a scroll of remove curse
 h - a scroll of teleportation
 k - 2 scrolls of enchant armour
 p - 3 scrolls of identify
 t - a scroll of magic mapping {unknown}
 x - a scroll of fog {unknown}
 F - a scroll of immolation
 I - a scroll of silence {unknown}
 M - a scroll of torment {unknown}
 N - a scroll of brand weapon {unknown}
 O - a scroll of amnesia {unknown}
 Q - a scroll of blinking {unknown}
Potions
 f - 2 potions of curing
 g - 2 potions of flight
 m - 3 potions of cancellation
 o - a potion of might
 q - 2 potions of haste
 v - 2 potions of agility
 R - a potion of heal wounds {unknown}
Books
 a - a book of Air

   Spells                             Type                      Level
   a - Shock                          Conjuration/Air              1
   b - Swiftness                      Charms/Air                   2
   c - Static Discharge               Conjuration/Air              3
   d - Airstrike                      Air                          4
   e - Lightning Bolt                 Conjuration/Air              5
 B - Opy Vaa's Almanac of Cold
   (You found it on level 4 of the Dungeon)

   Spells                             Type                      Level
   a - Throw Frost                    Conjuration/Ice              2
   b - Ensorcelled Hibernation        Hexes/Ice                    2
   c - Summon Ice Beast               Ice/Summoning                4
   d - Freezing Cloud                 Conjuration/Ice/Air          6
   e - Bolt of Cold                   Conjuration/Ice              6
Comestibles
 b - 19 rations
 i - 4 chunks of flesh


   Skills:
 - Level 3.0 Dodging
 + Level 3.4 Stealth
 + Level 7.8 Spellcasting
 * Level 5.2 Conjurations
 - Level 0.5 Charms
 * Level 4.0 Ice Magic
 + Level 7.5 Air Magic


You had 4 spell levels left.
You knew the following spells:

 Your Spells              Type           Power        Failure   Level  Hunger
a - Shock                 Conj/Air       ####         1%          1    None
b - Swiftness             Chrm/Air       ###.....     2%          2    None
c - Static Discharge      Conj/Air       ####....     1%          3    #......
d - Airstrike             Air            #####.....   4%          4    ###....
e - Throw Frost           Conj/Ice       ####..       1%          2    None
f - Lightning Bolt        Conj/Air       ####......   19%         5    #####..
g - Ensorcelled Hibernat  Hex/Ice        ###...       6%          2    None


Dungeon Overview and Level Annotations

Branches:
Dungeon (10/15)            Temple (1/1) D:5
   Lair: D:8-11         Orc: D:9-12

Altars:
Ashenzari
Cheibriados
Dithmenos
Elyvilon
Fedhas
Gozag
Hepliaklqana
Kikubaaqudgha
Makhleb
Nemelex Xobeh
Okawaru
Qazlal
Ru
Sif Muna
Trog
Uskayaw
Wu Jian
Xom
Yredelemnul
Zin
The Shining One

Shops:
D:7 %

Annotations:
D:7 exclusion: oklob plant
D:9 rbetra's ghost, novice MiFi


Innate Abilities, Weirdness & Mutations

You can breathe waves of freezing cold.
You can buffet flying creatures when you breathe cold.
Your icy white scales are hard. (AC +7)
You cannot fit into any form of body armour.
Your flesh is cold resistant. (rC+)
You are cold-blooded and may be slowed by cold attacks.


Message History

The yak closely misses you.
There is an open door here.
Rbetra's ghost misses you. Rbetra's ghost hits you.
Rbetra's ghost completely misses you.
There is an open door here.
There is a stone staircase leading down here.
You start to feel a little faster.
Rbetra's ghost whispers, "They're coming for you..."
Rbetra's ghost hits you! Rbetra's ghost barely misses you. The yak gores you!
* * * LOW HITPOINT WARNING * * *
As you read the scroll of fear, it crumbles to dust.
You assume a fearsome visage.
Rbetra's ghost is unaffected.
The yak looks frightened! x2
You no longer feel sluggish.
Rbetra's ghost says, "I won't need demonic support against you."
Rbetra's ghost hits you!
You die...

########'##
#####..#
#.....##
######'######
#....>........
#.(..Y.....?..
#.............
#.W.Y.........
#.@...........
##+###########


You could see 2 yaks and rbetra's ghost.

Vanquished Creatures
  2 hippogriffs
  4 hogs (D:7)
  A human (D:7)
  A sky beast (D:7)
  2 ice beasts
  An ogre (D:7)
  A phantom (D:4)
  A centaur (D:7)
  3 bullfrogs
  Blork the orc (D:5)
  A scorpion (D:3)
  2 crimson imps
  A bullfrog zombie (D:6)
  5 hounds
  A jelly (D:7)
  A gnoll shaman (D:3)
  A bullfrog skeleton (D:4)
  Terence (D:2)
  3 iguanas
  4 orc wizards
  6 worker ants
  A killer bee zombie (D:7)
  2 hound zombies
  13 gnolls
  5 adders
  3 shadow imps
  An adder zombie (D:7)
  4 worms
  4 leopard geckos
  10 orcs
  8 giant cockroaches
  6 goblins
  4 hobgoblins
  7 jackals
  3 quokkas
  8 bats
  6 frilled lizards
  A jackal skeleton (D:7)
  4 kobolds
  A quokka skeleton (D:6)
  8 rats
  2 plants
144 creatures vanquished.

Vanquished Creatures (others)
  7 fungi (D:9)
  16 toadstools (D:7)
23 creatures vanquished.

Grand Total: 167 creatures vanquished

Notes
Turn   | Place    | Note
-------+----------+-------------------------------------------
     0 | D:1      | Evaline the Draconian Air Elementalist began the quest for the Orb.
     0 | D:1      | Reached XP level 1. HP: 14/14 MP: 3/3
   335 | D:1      | Reached XP level 2. HP: 20/20 MP: 0/5
   339 | D:1      | Learned a level 2 spell: Swiftness
  1302 | D:2      | Reached XP level 3. HP: 25/26 MP: 4/6
  1343 | D:2      | Noticed Terence
  1376 | D:2      | Killed Terence
  1447 | D:2      | Learned a level 3 spell: Static Discharge
  1649 | D:2      | Found a burning altar of Makhleb.
  1649 | D:2      | Noticed a green death
  1653 | D:2      | Noticed a smoke demon
  1653 | D:2      | Noticed a ynoxinul
  1738 | D:3      | Reached XP level 4. HP: 27/33 MP: 2/7
  1813 | D:3      | Found an ornate altar of the Wu Jian Council.
  2360 | D:4      | Found a glowing silver altar of Zin.
  2414 | D:4      | Reached XP level 5. HP: 38/38 MP: 1/9
  2423 | D:4      | Learned a level 4 spell: Airstrike
  2580 | D:4      | Noticed a phantom
  2670 | D:4      | Found a hide-covered altar of Uskayaw.
  2875 | D:4      | Found a stormy altar of Qazlal.
  2889 | D:4      | Identified Opy Vaa's Almanac of Cold
  3141 | D:4      | Reached XP level 6. HP: 42/45 MP: 6/11
  3179 | D:4      | Learned a level 2 spell: Throw Frost
  3376 | D:4      | Reached skill level 5 in Air Magic
  3735 | D:4      | Found a shattered altar of Ashenzari.
  4025 | D:4      | Reached skill level 1 in Ice Magic
  4025 | D:4      | Your scales start taking on an icy white colour.
  4025 | D:4      | Reached XP level 7. HP: 24/50 MP: 1/13
  4025 | D:4      | Gained mutation: Your flesh is cold resistant. (rC+) [White Draconian growth]
  4210 | D:5      | Entered Level 5 of the Dungeon
  4212 | D:5      | Found a staircase to the Ecumenical Temple.
  4549 | Temple   | Entered the Ecumenical Temple
  5026 | D:5      | Found a hazy altar of Hepliaklqana.
  5027 | D:5      | Found a shimmering altar of Xom.
  5027 | D:5      | Noticed a wyvern
  5028 | D:5      | Noticed a spectral ugly thing
  5028 | D:5      | Noticed a wyvern
  5117 | D:5      | Found a basalt altar of Yredelemnul.
  5135 | D:5      | Noticed a hippogriff
  5301 | D:5      | Found a white marble altar of Elyvilon.
  5305 | D:5      | Became a worshipper of Elyvilon the Healer
  5381 | D:5      | Noticed Blork the orc
  5395 | D:5      | Killed Blork the orc
  5735 | D:5      | Reached skill level 5 in Spellcasting
  6274 | D:5      | Killed a hippogriff
  6274 | D:5      | Reached XP level 8. HP: 55/57 MP: 1/16
  6615 | D:6      | Found a deep blue altar of Sif Muna.
  6625 | D:6      | Fell from the grace of Elyvilon
  6630 | D:6      | Became a worshipper of Sif Muna the Loreminder
  6875 | D:6      | Found a stormy altar of Qazlal.
  7212 | D:7      | Found an opulent altar of Gozag.
  7336 | D:7      | Learned a level 5 spell: Lightning Bolt
  7377 | D:7      | Reached * piety under Sif Muna
  7377 | D:7      | Reached skill level 5 in Conjurations
  7397 | D:7      | Reached XP level 9. HP: 18/62 MP: 1/19
  7755 | D:7      | Learned a level 2 spell: Ensorcelled Hibernation
  8419 | D:7      | Reached ** piety under Sif Muna
  8462 | D:7      | Found a blossoming altar of Fedhas.
  8483 | D:7      | Noticed an oklob plant
  8789 | D:7      | Found Voeblaonk's Food Emporium.
  9210 | D:8      | You fall through a shaft for 2 floors!
  9210 | D:10     | Entered Level 10 of the Dungeon
  9244 | D:9      | Noticed rbetra's ghost (novice MiFi)
  9259 | D:9      | Slain by rbetra's ghost

Skill      XL: |  1  2  3  4  5  6  7  8  9 |
---------------+----------------------------+-----
Dodging        | 2 3 |  3.0
Stealth        | 2 3 |  3.4
Conjurations   | 2 3 4 5 |  5.2
Air Magic      | 4 5 6 7 |  7.5
Spellcasting   | 3 4 5 6 7 |  7.8
Ice Magic      | 1 2 3 4 |  4.0
Charms         | |  0.5

Action                   |  1- 3 |  4- 6 |  7- 9 || total
-------------------------+-------+-------+-------++-------
Melee: Unarmed           |    13 |       |       ||    13
       Short sword       |    30 |     4 |       ||    34
       Tailslap          |     2 |    11 |    18 ||    31
       Falchion          |       |    77 |    52 ||   129
       Mace              |       |       |    91 ||    91
 Fire: Hunting sling     |       |     2 |       ||     2
       Shortbow          |       |       |     8 ||     8
Throw: Stone             |     1 |       |       ||     1
 Cast: Shock             |    69 |   102 |    97 ||   268
       Airstrike         |       |     5 |    28 ||    33
       Swiftness         |       |     3 |     7 ||    10
       Throw Frost       |       |    12 |    30 ||    42
Invok: Renounce Religion |       |       |     1 ||     1
 Abil: Breathe Frost     |       |       |     8 ||     8
  Use: Scroll            |       |     3 |     9 ||    12
 Stab: Sleeping          |     1 |       |     1 ||     2
       Distracted        |       |       |     1 ||     1
  Eat: Chunk             |     3 |    10 |    12 ||    25
       Ration            |       |       |     3 ||     3
Armor: Skin              |    15 |    46 |    98 ||   159
Dodge: Dodged            |    55 |    71 |   142 ||   268
       Rpst.: Falchion   |       |    31 |     9 ||    40
